FCL
FCL SEATTLE MARINERS @ FCL LOS ANGELES (N) DODGERS
05/23/2042
 
TOP OF THE 1ST
FCL Seattle Mariners batting - Pitching for FCL Los Angeles (N) Dodgers : RHP Ben Anderson
Pitching: RHP Ben Anderson
Batting: RHB Mike Johnson 0-0: Called Strike
0-1: Ball
1-1: Called Strike
1-2: Ground out U3 (Groundball, 34S, EV 87.5 MPH)
Batting: RHB José Méndez 0-0: Ball
1-0: SINGLE (Groundball, 4S, EV 69.4 MPH) (infield hit)
Batting: LHB Rusty Jones 0-0: Ball
1-0: Fly out, F4 (Line Drive, 4, EV 70.0 MPH)
Batting: LHB Bud Erwin 0-0: Called Strike
José Méndez steals 2nd base
0-1: SINGLE (Line Drive, 3D, EV 106.3 MPH)
José Méndez to third
Runner from 3rd tries for Home, SAFE, throw by RF to home
Batting: RHB Danny Sanders 0-0: Called Strike
0-1: Ball
1-1: Ball
2-1: Ball
3-1: Base on Balls
Bud Erwin to second
Batting: LHB Rob Jackson 0-0: Fly out, F4 (Popup, 3S, EV 85.0 MPH)
Top of the 1st over - 1 run, 2 hits, 0 errors, 2 left on base; FCL Seattle 1 - FCL Los Angeles (N) 0
BOTTOM OF THE 1ST
FCL Los Angeles (N) Dodgers batting - Pitching for FCL Seattle Mariners : RHP Mike Henderson
Pitching: RHP Mike Henderson
Batting: RHB Alfredo Macías 0-0: Ball
1-0: Called Strike
1-1: Called Strike
1-2: Ball
2-2: Ball
3-2: Strikes out swinging, 2-3 out at first.
Batting: LHB Steve Drews 0-0: Foul Ball, location: 7LDF
0-1: Swinging Strike
0-2: Ball
1-2: Ball
2-2: Foul Ball, location: 2F
2-2: Ground out U3 (Groundball, 3, EV 90.0 MPH)
Batting: RHB Joe Fitzgerald 0-0: Ball
1-0: Foul Ball, location: 2F
1-1: Ball
2-1: Foul Ball, location: 25FF
2-2: Ground out 5-3 (Groundball, 56S, EV 86.9 MPH)
Bottom of the 1st over - 0 runs, 0 hits, 0 errors, 0 left on base; FCL Seattle 1 - FCL Los Angeles (N) 0
TOP OF THE 2ND
FCL Seattle Mariners batting - Pitching for FCL Los Angeles (N) Dodgers : RHP Ben Anderson
Batting: RHB Jeff Sargent 0-0: Called Strike
0-1: Ball
1-1: Called Strike
1-2: Strikes out looking
Batting: RHB Mike Henderson 0-0: Called Strike
0-1: Ball
1-1: Foul Ball, location: 9LMF
1-2: SINGLE (Groundball, 4S, EV 62.5 MPH) (infield hit)
Batting: RHB Jim Unknown 0-0: Ball
1-0: Ball
Mike Henderson steals 2nd base
2-0: Called Strike
2-1: Ball
3-1: Base on Balls
Batting: RHB Mike Johnson 0-0: Called Strike
Mike Henderson is caught stealing 3rd base 2-5
0-1: Foul Ball, location: 9LSF
0-2: Foul Ball, location: 7LSF
0-2: Strikes out swinging
Top of the 2nd over - 0 runs, 1 hit, 0 errors, 1 left on base; FCL Seattle 1 - FCL Los Angeles (N) 0
BOTTOM OF THE 2ND
FCL Los Angeles (N) Dodgers batting - Pitching for FCL Seattle Mariners : RHP Mike Henderson
Batting: RHB Sergio Aguilera 0-0: Ball
1-0: Foul Ball, location: 25F
1-1: Ball
2-1: Foul Ball, location: 9LSF
2-2: Strikes out swinging
Batting: RHB Patrice Dumortier 0-0: Foul Ball, location: 2F
0-1: Fly out, F8 (Flyball, 78D, EV 110.6 MPH)
Batting: RHB Randy Ward 0-0: Ball
1-0: Ball
2-0: Called Strike
2-1: Ball
3-1: Base on Balls
Batting: RHB Josh Edwards 0-0: Ball
1-0: Foul Ball, location: 2F
1-1: SINGLE (Groundball, 34D, EV 93.8 MPH)
Randy Ward to second
Runner from 2nd tries for 3rd, OUT! 9-5
Bottom of the 2nd over - 0 runs, 1 hit, 0 errors, 1 left on base; FCL Seattle 1 - FCL Los Angeles (N) 0
TOP OF THE 3RD
FCL Seattle Mariners batting - Pitching for FCL Los Angeles (N) Dodgers : RHP Ben Anderson
Batting: RHB José Méndez 0-0: Ball
1-0: Foul Ball, location: 7LSF
1-1: Called Strike
1-2: Ball
2-2: Strikes out swinging
Batting: LHB Rusty Jones 0-0: Called Strike
0-1: Ball
1-1: Foul Ball, location: 23FF
1-2: Ball
2-2: Strikes out swinging
Batting: LHB Bud Erwin 0-0: Ball
1-0: Foul Ball, location: 23F
1-1: Ball
2-1: Ball
3-1: Base on Balls
Batting: RHB Danny Sanders 0-0: Called Strike
0-1: SINGLE (Line Drive, 8LS, EV 93.8 MPH)
Bud Erwin to second
Runner from 2nd tries for 3rd, SAFE, throw by CF made to third
Batting: LHB Rob Jackson 0-0: Ball
1-0: Ground out U3 (Groundball, 3, EV 93.8 MPH)
Top of the 3rd over - 0 runs, 1 hit, 0 errors, 2 left on base; FCL Seattle 1 - FCL Los Angeles (N) 0
BOTTOM OF THE 3RD
FCL Los Angeles (N) Dodgers batting - Pitching for FCL Seattle Mariners : RHP Mike Henderson
Batting: RHB Wilbert Ray 0-0: Ball
1-0: Foul Ball, location: 25F
1-1: Swinging Strike
1-2: Ball
2-2: Strikes out swinging
Batting: LHB José Meléndez 0-0: Ball
1-0: Fly out, F7 (Flyball, 7, EV 89.4 MPH)
Batting: RHB Alfredo Macías 0-0: Ball
1-0: Called Strike
1-1: Ball
2-1: Ball
3-1: SINGLE (Groundball, 34D, EV 106.3 MPH)
Batting: LHB Steve Drews 0-0: Ball
1-0: Foul Ball, location: 23F
1-1: Foul Ball, location: 5SF
1-2: Strikes out looking
Bottom of the 3rd over - 0 runs, 1 hit, 0 errors, 1 left on base; FCL Seattle 1 - FCL Los Angeles (N) 0
TOP OF THE 4TH
FCL Seattle Mariners batting - Pitching for FCL Los Angeles (N) Dodgers : RHP Ben Anderson
Batting: RHB Jeff Sargent 0-0: Ball
1-0: Called Strike
1-1: Swinging Strike
1-2: Fly out, F9 (Flyball, 89M, EV 91.3 MPH)
Batting: RHB Mike Henderson 0-0: Hit by Pitch
Batting: RHB Jim Unknown 0-0: Ball
Mike Henderson is caught stealing 2nd base 2-4
1-0: SINGLE (Groundball, 5S, EV 69.4 MPH) (infield hit)
Batting: RHB Mike Johnson 0-0: Ball
1-0: Called Strike
1-1: Ball
2-1: Ground out 5-3 (Groundball, 56S, EV 75.6 MPH)
Top of the 4th over - 0 runs, 1 hit, 0 errors, 1 left on base; FCL Seattle 1 - FCL Los Angeles (N) 0
BOTTOM OF THE 4TH
FCL Los Angeles (N) Dodgers batting - Pitching for FCL Seattle Mariners : RHP Mike Henderson
Batting: RHB Joe Fitzgerald 0-0: Swinging Strike
0-1: Swinging Strike
0-2: Ball
1-2: Foul Ball, location: 7LSFF
1-2: Strikes out looking
Batting: RHB Sergio Aguilera 0-0: Called Strike
0-1: SINGLE (Line Drive, 34, EV 102.5 MPH)
Batting: RHB Patrice Dumortier 0-0: Ball
1-0: Fly out, F8 (Flyball, 78D, EV 101.9 MPH)
Batting: RHB Randy Ward 0-0: Ball
1-0: Ball
2-0: Swinging Strike
2-1: Ball
3-1: Base on Balls
Sergio Aguilera to second
Pitching: RHP Jim Unknown
Batting: RHB Josh Edwards 0-0: Called Strike
0-1: Ball
1-1: Foul Ball, location: 2F
1-2: Strikes out swinging
Bottom of the 4th over - 0 runs, 1 hit, 0 errors, 2 left on base; FCL Seattle 1 - FCL Los Angeles (N) 0
TOP OF THE 5TH
FCL Seattle Mariners batting - Pitching for FCL Los Angeles (N) Dodgers : RHP Ben Anderson
Batting: RHB José Méndez 0-0: Ball
1-0: Ball
2-0: Ball
3-0: Base on Balls
Batting: LHB Rusty Jones 0-0: Ball
1-0: Ball
2-0: Ball
3-0: Base on Balls
José Méndez to second
Batting: LHB Bud Erwin 0-0: Called Strike
0-1: Ball
1-1: Ball
2-1: Foul Ball, location: 2F
2-2: Foul Ball, location: 5FF
2-2: Strikes out swinging
Batting: RHB Danny Sanders 0-0: Called Strike
0-1: Ball
1-1: Ball
2-1: Swinging Strike
2-2: Strikes out swinging
Pitching: RHP Jim McCauley
Batting: LHB Rob Jackson 0-0: Foul Ball, location: 3F
0-1: SINGLE (Line Drive, 7S, EV 110.6 MPH)
José Méndez to third
Rusty Jones to second
Runner from 3rd tries for Home, SAFE, throw by LF to home
Batting: RHB Jeff Sargent 0-0: Foul Ball, location: 2F
0-1: Swinging Strike
0-2: Ball
1-2: Ball
2-2: Ball
3-2: Foul Ball, location: 7LMF
3-2: Foul Ball, location: 3F
3-2: Strikes out looking
Top of the 5th over - 1 run, 1 hit, 0 errors, 2 left on base; FCL Seattle 2 - FCL Los Angeles (N) 0
BOTTOM OF THE 5TH
FCL Los Angeles (N) Dodgers batting - Pitching for FCL Seattle Mariners : RHP Jim Unknown
Batting: RHB Wilbert Ray 0-0: Called Strike
0-1: Foul Ball, location: 9LSF
0-2: Ground out U3 (Groundball, 34, EV 103.8 MPH)
Batting: LHB José Meléndez 0-0: Ball
1-0: Ball
2-0: Ball
3-0: Called Strike
3-1: Called Strike
3-2: Strikes out swinging, 2-3 out at first.
Batting: RHB Alfredo Macías 0-0: Fly out, F9 (Flyball, 9D, EV 103.8 MPH)
Bottom of the 5th over - 0 runs, 0 hits, 0 errors, 0 left on base; FCL Seattle 2 - FCL Los Angeles (N) 0
TOP OF THE 6TH
FCL Seattle Mariners batting - Pitching for FCL Los Angeles (N) Dodgers : RHP Jim McCauley
Batting: RHB Mike Henderson 0-0: Called Strike
0-1: Ball
1-1: Ball
2-1: Ball
3-1: Base on Balls
Batting: RHB Jim Unknown 0-0: Called Strike
0-1: Bunt - Flyout to 13S! F1
Batting: RHB Mike Johnson 0-0: 2-RUN HOME RUN (Flyball, 9LD, EV 94.4 MPH), Distance : 341 ft
Batting: RHB José Méndez 0-0: Swinging Strike
0-1: Swinging Strike
0-2: Foul Ball, location: 23F
0-2: Ball
1-2: SINGLE (Groundball, 34D, EV 101.9 MPH)
Batting: LHB Rusty Jones 0-0: Swinging Strike
0-1: Ball
José Méndez steals 2nd base
1-1: Ball
2-1: Ball
3-1: Foul Ball, location: 2F
3-2: Strikes out swinging
Batting: LHB Bud Erwin 0-0: Ball
1-0: Swinging Strike
1-1: Foul Ball, location: 2F
1-2: Strikes out swinging
Top of the 6th over - 2 runs, 2 hits, 0 errors, 1 left on base; FCL Seattle 4 - FCL Los Angeles (N) 0
BOTTOM OF THE 6TH
FCL Los Angeles (N) Dodgers batting - Pitching for FCL Seattle Mariners : RHP Jim Unknown
Batting: LHB Steve Drews 0-0: Called Strike
0-1: Foul Ball, location: 5SF
0-2: Strikes out swinging
Batting: RHB Joe Fitzgerald 0-0: Foul Ball, location: 2F
0-1: Ball
1-1: Swinging Strike
1-2: Strikes out swinging
Batting: RHB Sergio Aguilera 0-0: Foul Ball, location: 2F
0-1: Foul Ball, location: 9LSF
0-2: Ball
1-2: Strikes out swinging, 2-3 out at first.
Bottom of the 6th over - 0 runs, 0 hits, 0 errors, 0 left on base; FCL Seattle 4 - FCL Los Angeles (N) 0
TOP OF THE 7TH
FCL Seattle Mariners batting - Pitching for FCL Los Angeles (N) Dodgers : RHP Jim McCauley
Batting: RHB Danny Sanders 0-0: Fly out, F4 (Line Drive, 4, EV 68.8 MPH)
Batting: LHB Rob Jackson 0-0: Ground out 4-3 (Groundball, 4, EV 83.8 MPH)
Batting: RHB Jeff Sargent 0-0: Ball
1-0: Ball
2-0: Called Strike
2-1: Foul Ball, location: 2F
2-2: Ball
3-2: Strikes out swinging
Top of the 7th over - 0 runs, 0 hits, 0 errors, 0 left on base; FCL Seattle 4 - FCL Los Angeles (N) 0
BOTTOM OF THE 7TH
FCL Los Angeles (N) Dodgers batting - Pitching for FCL Seattle Mariners : RHP Jim Unknown
Batting: RHB Patrice Dumortier 0-0: Ground out 6-3 (Groundball, 6, EV 84.4 MPH)
Batting: RHB Randy Ward 0-0: Ground out 6-3 (Groundball, 6, EV 90.6 MPH)
Batting: RHB Josh Edwards 0-0: Called Strike
0-1: Foul Ball, location: 2F
0-2: Strikes out swinging
Bottom of the 7th over - 0 runs, 0 hits, 0 errors, 0 left on base; FCL Seattle 4 - FCL Los Angeles (N) 0
TOP OF THE 8TH
FCL Seattle Mariners batting - Pitching for FCL Los Angeles (N) Dodgers : RHP Jim McCauley
Batting: RHB Mike Henderson 0-0: Ball
1-0: Ball
2-0: Ball
3-0: Base on Balls
Batting: RHB Jim Unknown 0-0: Called Strike
Mike Henderson is caught stealing 2nd base 2-4
0-1: SINGLE (Line Drive, 6MD, EV 100.0 MPH)
Batting: RHB Mike Johnson 0-0: Called Strike
Jim Unknown steals 2nd base
0-1: Ball
1-1: Fly out, F8 (Flyball, 89S, EV 75.0 MPH)
Batting: RHB José Méndez 0-0: Called Strike
0-1: Ball
1-1: Foul Ball, location: 9LSF
1-2: Ball
2-2: Ball
3-2: Foul Ball, location: 2F
3-2: Base on Balls
Batting: LHB Rusty Jones 0-0: Ball
1-0: Ball
2-0: Ball
3-0: Called Strike
3-1: Base on Balls
Jim Unknown to third
José Méndez to second
Pitching: LHP Raúl Morales
Batting: LHB Bud Erwin 0-0: Ball
1-0: Called Strike
1-1: Ball
2-1: Foul Ball, location: 23FF
2-2: Strikes out swinging
Top of the 8th over - 0 runs, 1 hit, 0 errors, 3 left on base; FCL Seattle 4 - FCL Los Angeles (N) 0
BOTTOM OF THE 8TH
FCL Los Angeles (N) Dodgers batting - Pitching for FCL Seattle Mariners : RHP Jim Unknown
Pinch Hitting: LHB Sanho Morgado 0-0: Ball
1-0: Swinging Strike
1-1: Called Strike
1-2: Ball
2-2: SOLO HOME RUN (Flyball, 7D, EV 97.5 MPH), Distance : 349 ft
Batting: LHB José Meléndez 0-0: Called Strike
0-1: Ground out U3 (Groundball, 3, EV 83.8 MPH)
Batting: RHB Alfredo Macías 0-0: Foul Ball, location: 7LSF
0-1: Ball
1-1: Swinging Strike
1-2: Foul Ball, location: 2F
1-2: Foul Ball, location: 2F
1-2: Ball
2-2: Strikes out swinging
Batting: LHB Steve Drews 0-0: Ball
1-0: Ball
2-0: Foul Ball, location: 7LDF
2-1: Foul Ball, location: 2F
2-2: Foul Ball, location: 7LDF
2-2: Strikes out swinging
Bottom of the 8th over - 1 run, 1 hit, 0 errors, 0 left on base; FCL Seattle 4 - FCL Los Angeles (N) 1
TOP OF THE 9TH
FCL Seattle Mariners batting - Pitching for FCL Los Angeles (N) Dodgers : LHP Raúl Morales
Now at 3B: Sanho Morgado
Batting: RHB Danny Sanders 0-0: Ball
1-0: Foul Ball, location: 5DF
1-1: Swinging Strike
1-2: Ball
2-2: Foul Ball, location: 2RF
2-2: Ball
3-2: Strikes out swinging
Batting: LHB Rob Jackson 0-0: Foul Ball, location: 7LMF
0-1: Swinging Strike
0-2: Ball
1-2: Strikes out swinging
Pinch Hitting: RHB Chris Elliott 0-0: Ball
1-0: Swinging Strike
1-1: Ball
2-1: Ball
3-1: Base on Balls
Batting: RHB Mike Henderson 0-0: Ball
1-0: Swinging Strike
1-1: Foul Ball, location: 9LMF
1-2: Strikes out swinging
Top of the 9th over - 0 runs, 0 hits, 0 errors, 1 left on base; FCL Seattle 4 - FCL Los Angeles (N) 1
BOTTOM OF THE 9TH
FCL Los Angeles (N) Dodgers batting - Pitching for FCL Seattle Mariners : RHP Jim Unknown
Now at 3B: Jim Unknown
Batting: RHB Joe Fitzgerald 0-0: Ball
1-0: Swinging Strike
1-1: Ball
2-1: Ball
3-1: Called Strike
3-2: Foul Ball, location: 3SF
3-2: Hit by Pitch
Pitching: RHP Jim Unknown
Pinch Hitting: SHB Joe Holley 0-0: Ball
1-0: Swinging Strike
1-1: Ball
2-1: Foul Ball, location: 2F
2-2: Strikes out swinging
Pinch Hitting: LHB Sam McCarthy 0-0: Ball
1-0: Ball
2-0: Ball
3-0: Base on Balls
Joe Fitzgerald to second
Batting: RHB Randy Ward 0-0: Foul Ball, location: 2F
0-1: Ball
1-1: Ball
2-1: Ball
3-1: Base on Balls
Joe Fitzgerald to third
Sam McCarthy to second
Pinch Hitting: LHB Jorge González 0-0: Ball
1-0: Called Strike
1-1: Foul Ball, location: 2F
1-2: Ball
2-2: Ball
3-2: Base on Balls
Joe Fitzgerald scores
Sam McCarthy to third
Randy Ward to second
Batting: LHB Sanho Morgado 0-0: Ball
1-0: Ball
2-0: Foul Ball, location: 7LMF
2-1: Grounds into double play, 3-2-3 (Groundball, 3, EV 82.5 MPH)
Bottom of the 9th over - 1 run, 0 hits, 0 errors, 2 left on base; FCL Seattle 4 - FCL Los Angeles (N) 2
Friday, May 3rd , 2024 - OOTP Baseball 24.10 Build 82